 Dungeon Crawl Stone Soup version 0.18-a0-816-g97f838e (webtiles) character file.

88 cluie the Conjurer (level 4, 0/33 HPs)
             Began as a Demonspawn Conjurer on Dec 15, 2015.
             Killed by divine providence
             ... invoked by an orc priest
              (14 damage)
             ... on level 3 of the Dungeon.
             The game lasted 00:03:49 (1948 turns).

cluie the Conjurer (Demonspawn Conjurer)            Turns: 1948, Time: 00:03:49

Health: 0/33       AC: 11    Str:  9    XL:     4   Next: 29%
Magic:  7/7        EV: 12    Int: 17    God:
Gold:   152        SH:  0    Dex: 13    Spells: 3 memorised, 1 level left

rFire  . . .     SeeInvis .     k - +1 short sword (protect)
rCold  . . .     Clarity  .     a - +1 robe
rNeg   . . .     SustAt   .     (no shield)
rPois  .         Gourm    .     (no helmet)
rElec  .         Spirit   .     (no cloak)
rCorr  .         Dismiss  .     (no gloves)
rMut   .         Stasis   .     (no boots)
MR     .....                    (no amulet)
Stlth  ++........               (no ring)
                                (no ring)

@: not resistant to hostile enchantments, unstealthy
A: thin metallic scales 2
a: no special abilities


You were on level 3 of the Dungeon.
You were not hungry.

You visited 1 branch of the dungeon, and saw 3 of its levels.

You collected 152 gold pieces.

Inventory:

Hand Weapons
 k - a +1 short sword of protection (weapon)
Armour
 a - a +1 robe (worn)
Scrolls
 t - a scroll of noise
Potions
 f - a potion of heal wounds
 h - 4 potions of curing
 j - a potion of might
 l - a potion of brilliance
 n - a potion of flight
 p - a potion of resistance
 q - a potion of cancellation {unknown}
 s - a potion of degeneration {unknown}
 u - a potion of invisibility {unknown}
Books
 b - a book of Conjurations

   Spells                             Type                      Level
   a - Magic Dart                     Conjuration                  1
   b - Searing Ray                    Conjuration                  2
   c - Dazzling Spray                 Conjuration/Hexes            3
   d - Fulminant Prism                Conjuration/Hexes            4
   e - Iskenderun's Mystic Blast      Conjuration                  4
   f - Iskenderun's Battlesphere      Conjuration/Charms           5
Comestibles
 c - 2 bread rations
 g - 3 slices of pizza
 i - a meat ration
 o - 2 fruits
 r - 2 chunks of flesh


   Skills:
 + Level 1.7 Fighting
 + Level 2.4 Dodging
 - Level 1.7 Stealth
 + Level 2.6 Spellcasting
 * Level 4.6 Conjurations


You had one spell level left.
You knew the following spells:

 Your Spells              Type           Power        Failure   Level  Hunger
a - Magic Dart            Conj           ###.         2%          1    #......
b - Searing Ray           Conj           ###...       4%          2    ##.....
c - Iskenderun's Mystic   Conj           ###.....     30%         4    #####..


Dungeon Overview and Level Annotations

Branches:
Dungeon (3/15)

Altars:


Innate Abilities, Weirdness & Mutations

You are mostly covered in thin metallic scales (AC +3).


Message History

Enchant which item? (? for menu, Esc to quit)
Your +0 robe glows green for a moment.
The hobgoblin hits you.
Read which item? (? for menu, Esc to quit)
As you read the scroll labeled LEACRO XOEM, it crumbles to dust.
You feel aware of your surroundings.
It was a scroll of magic mapping.
The hobgoblin misses you.
Read which item? (? for menu, Esc to quit)
As you read the scroll labeled ATRUNA QASHRUZUS, it crumbles to dust.
It is a scroll of recharging.
You aren't carrying any rechargeable items.
The hobgoblin closely misses you.
Read which item? (? for menu, Esc to quit)
As you read the scroll labeled HAORER CETHREO, it crumbles to dust.
You hear a loud clanging noise!
It was a scroll of noise.
You hear a shout!
The hobgoblin hits you but does no damage.
The orc priest mumbles some strange prayers to Beogh against you.
Something smites you!
You die...

*,**
*#♣♣♣P###o##**,.....,*
**,***,,♣≈P* #o.#
**#...#** **,,,*..≈#*
##.# *...* **,*####*
#g# *#.#* *,*
##.######.### *,*
#.o.......w.# *,*
#g..........# **,*
#..#####....######
*,,* #.@#
#......w....# *,**
#..###.####.####w# *,*
#......# #.# #.## *,*
#.....## #.# #..# *,*
#..##.#####.# ##.# *,*
#..##.##....#####..
*,****
#..##.##...........
*,,,,*
###..†........#####..
****,* #............##
#..


You could see an orc priest, an orc and 2 hobgoblins.

Vanquished Creatures
  3 adders (D:2)
  An ooze (D:2)
  2 worms
  A giant gecko (D:2)
  An orc (D:2)
  4 bats
  5 giant cockroaches
  7 hobgoblins
  2 jackals (D:2)
  6 kobolds
  3 giant newts
  6 goblins
  9 rats
50 creatures vanquished.

Notes
Turn   | Place    | Note
--------------------------------------------------------------
     0 | D:1      | cluie the Demonspawn Conjurer began the quest for the Orb.
     0 | D:1      | Reached XP level 1. HP: 13/13 MP: 3/3
   339 | D:1      | Reached skill level 1 in Fighting
   366 | D:1      | Gained mutation: You are partially covered in thin metallic scales (AC +2). [demonic ancestry]
   366 | D:1      | Reached XP level 2. HP: 5/21 MP: 3/5
   510 | D:1      | Learned a level 2 spell: Searing Ray
   555 | D:1      | You fall through a shaft!
  1058 | D:2      | Reached XP level 3. HP: 19/26 MP: 1/6
  1573 | D:2      | Gained mutation: You are mostly covered in thin metallic scales (AC +3). [demonic ancestry]
  1573 | D:2      | Reached XP level 4. HP: 9/32 MP: 1/7
  1852 | D:3      | Learned a level 4 spell: Iskenderun's Mystic Blast
  1948 | D:3      | Killed from afar by an orc priest

Vault maps used:
D:1:      minmay_arrival_loop
D:2:      minmay_cupped
D:3:      serial_bayou_pond_d

Action                   |  1- 3 |  4- 6 || total
-------------------------+-------+-------++-------
Melee: Whip              |    17 |       ||    17
       Short sword       |    91 |    20 ||   111
 Cast: Magic Dart        |    19 |     5 ||    24
       Searing Ray       |     5 |     1 ||     6
  Use: Scroll            |     6 |     4 ||    10
 Stab: Sleeping          |     1 |       ||     1
  Eat: Chunk             |     3 |     1 ||     4
